 Dungeon Crawl Stone Soup version 0.20-a0-1034-gb277f92 (webtiles) character file.

6367 Duffy the Cleaver (level 10, 0/101 HPs)
             Began as a Minotaur Fighter on Apr 21, 2017.
             Was an Elder of Makhleb.
             Killed from afar by Erolcha (51 damage)
             ... with a crystal spear
             ... on level 9 of the Dungeon.
             The game lasted 00:06:53 (8694 turns).

Duffy the Cleaver (Minotaur Fighter)                Turns: 8694, Time: 00:06:54

Health: 0/101      AC: 17    Str: 26    XL:     10   Next: 65%
Magic:  9/9        EV:  9    Int:  5    God:    Makhleb [****..]
Gold:   470        SH: 18    Dex: 10    Spells: 9/9 levels left

rFire    . . .     SeeInvis +   H - +2 war axe (chop)
rCold    . . .     Gourm    .   c - +0 shield
rNeg     + . .     Faith    .   J - +0 plate armour
rPois    +         Spirit   .   (helmet restricted)
rElec    .         Reflect  +   G - +0 cloak
rCorr    .         Harm     .   (no gloves)
MR       +....                  v - +0 pair of boots
Stlth    ..........             O - amulet "Sydu" {Reflect rN+ MR+ SH+6}
Regen    0.3/turn               p - +3 ring of evasion
MPRegen  0.2/turn               N - ring of see invisible

@: no status effects
A: retaliatory headbutt, horns 2, poison resistance, robust 1, strong 1
a: Minor Destruction, Lesser Servant of Makhleb, Major Destruction, Renounce
Religion


You were on level 9 of the Dungeon.
You worshipped Makhleb.
Makhleb was greatly pleased with you.
You were not hungry.

You visited 1 branch of the dungeon, and saw 9 of its levels.

You collected 470 gold pieces.

Inventory:

Hand Weapons
 a - a +0 war axe
 H - a +2 war axe of chopping (weapon)
 M - a +0 morningstar
Missiles
 y - 2 throwing nets (quivered)
Armour
 c - a +0 shield (worn)
 v - a +0 pair of boots (worn)
 G - a +0 cloak (worn)
 J - a +0 plate armour (worn)
Jewellery
 p - a +3 ring of evasion (left hand)
 N - a ring of see invisible (right hand)
 O - the amulet "Sydu" (around neck) {Reflect rN+ MR+ SH+6}
   (You found it on level 9 of the Dungeon)

   [amulet of reflection]

   It shields you and reflects attacks.
   It protects you from negative energy.
   It affects your resistance to hostile enchantments.
   It affects your SH (+6).
Wands
 B - a wand of flame (27/48)
 Q - a wand of confusion (24/48)
Scrolls
 e - 3 scrolls of enchant weapon {unknown}
 g - 9 scrolls of remove curse
 i - 3 scrolls of teleportation {unknown}
 j - 3 scrolls of enchant armour {unknown}
 k - 10 scrolls of identify {unknown}
 l - a scroll of amnesia {unknown}
 m - a scroll of recharging {unknown}
 t - a scroll of random uselessness {unknown}
 u - a scroll of immolation {unknown}
 z - 2 scrolls of noise {unknown}
 D - 3 scrolls of fear {unknown}
 E - 2 scrolls of blinking {unknown}
 K - a scroll of magic mapping {unknown}
 L - a scroll of summoning {unknown}
Potions
 d - 5 potions of might
 h - a potion of ambrosia {unknown}
 n - a potion of degeneration {unknown}
 o - a potion of resistance {unknown}
 r - 2 potions of berserk rage {unknown}
 s - a potion of flight {unknown}
 w - a potion of invisibility {unknown}
 x - 2 potions of curing {unknown}
 A - a potion of heal wounds {unknown}
 C - a potion of haste {unknown}
 I - a potion of mutation {unknown}
Comestibles
 b - 7 meat rations
 f - 11 bread rations
 q - 11 fruits
 F - 2 royal jellies


   Skills:
 + Level 9.7 Fighting
 * Level 12.2 Axes
 + Level 9.4 Armour
 + Level 9.2 Shields


You had 9 spell levels left.
You didn't know any spells.

Dungeon Overview and Level Annotations

Branches:
Dungeon (9/15)             Temple (0/1) D:6            Lair (0/6) D:8
    Orc: D:9-12

Altars:
Ashenzari
Cheibriados
Elyvilon
Fedhas
Gozag
Hepliaklqana
Makhleb
Okawaru
Ru
Trog
Vehumet
Xom

Shops:
D:4 %

Annotations:
D:9 Erolcha


Innate Abilities, Weirdness & Mutations

You reflexively headbutt those who attack you in melee.
You have a pair of horns on your head.
Your system is resistant to poisons. (rPois)
You are robust. (+10% HP)
Your muscles are strong. (Str +2)


Message History

Erolcha shouts!
Erolcha points at you and mumbles some strange words.
You resist with almost no effort.
Press: ? - help, v - describe, . - travel
Here: Erolcha, wielding a giant club and wearing an embroidered robe The floor.
Press: ? - help, v - describe, . - travel
Here: Erolcha, wielding a giant club and wearing an embroidered robe The floor.
You start waiting.
Erolcha casts a spell at you. The bolt of cold hits you!
Erolcha gestures at you while chanting. The bolt of cold hits you!
You closely miss Erolcha. Erolcha hits you with a giant club!
You barely miss Erolcha. Your headbutt misses Erolcha.
Erolcha points at you and mumbles some strange words.
The crystal spear hits you!
Ouch! That really hurt!
You die...

# #.....# # ##....# #
#.##.# # #.##.# # #.##.#
.## #.##.# .....#####
####....#
#..O.###.#.....#
#.##@#...#.##..#
#.##.#...#.##..#
#.##.#...#.##..#
#.##.#...#.##..#
#####+###....###'#.....#
#......................#
#...###................#
#.. #.....#.[........#
+...###................#


You could see Erolcha.

Vanquished Creatures
  A two-headed ogre (D:9)
  The ghost of anet the Magician, a novice DEWz of Ashenzari (D:8)
  A cyclops (D:9)
  The ghost of Duffy the Chopper, a novice MiFi of Makhleb (D:5)
  A hornet (D:9)
  3 yaks (D:9)
  A wraith (D:7)
  2 hungry ghosts
  A porcupine (D:8)
  2 sky beasts
  3 orc warriors
  6 ogres
  2 centaurs (D:7)
  A crocodile (D:7)
  A big kobold (D:9)
  2 bullfrogs
  A gnoll sergeant (D:8)
  3 scorpions
  9 wights
  2 howler monkeys
  2 bullfrog zombies
  6 crimson imps
  A jelly (D:3)
  Crazy Yiuf (D:3)
  12 orc wizards
  A centaur skeleton (D:5)
  An orc priest (D:8)
  2 hounds
  7 worker ants
  A hound skeleton (D:7)
  A worker ant zombie (D:8)
  10 gnolls
  9 adders
  2 shadow imps (D:9)
  An ooze (D:2)
  2 adder skeletons (D:5)
  A worm (D:6)
  3 dart slugs
  7 leopard geckos
  29 orcs
  A ball python (D:3)
  4 giant cockroaches
  9 goblins
  7 hobgoblins
  7 jackals (D:4)
  3 quokkas
  9 bats
  2 frilled lizards (D:1)
  18 kobolds
  2 leopard gecko skeletons (D:7)
  A quokka skeleton (D:6)
  2 quokka zombies (D:9)
  3 rats
  A fungus (D:3)
212 creatures vanquished.

Notes
Turn   | Place    | Note
-------+----------+-------------------------------------------
     0 | D:1      | Duffy the Minotaur Fighter began the quest for the Orb.
     0 | D:1      | Reached XP level 1. HP: 19/19 MP: 0/0
   164 | D:1      | Reached XP level 2. HP: 27/27 MP: 1/1
   415 | D:1      | Reached skill level 3 in Axes
   692 | D:2      | Found a white marble altar of Elyvilon.
   836 | D:2      | Reached XP level 3. HP: 33/33 MP: 2/2
  1449 | D:3      | Found an iron altar of Okawaru.
  1504 | D:3      | Reached XP level 4. HP: 10/41 MP: 3/3
  1870 | D:3      | Found a burning altar of Makhleb.
  1890 | D:3      | Became a worshipper of Makhleb the Destroyer
  1946 | D:3      | Reached skill level 4 in Axes
  2147 | D:3      | Found a hazy altar of Hepliaklqana.
  2189 | D:3      | Found a runed door.
  2193 | D:3      | Noticed Crazy Yiuf
  2203 | D:3      | Killed Crazy Yiuf
  2296 | D:3      | Reached XP level 5. HP: 47/47 MP: 4/4
  2504 | D:4      | Found an opulent altar of Gozag.
  2506 | D:4      | Found Rismopn's Food Shop.
  2559 | D:4      | Reached skill level 5 in Fighting
  2752 | D:4      | Reached * piety under Makhleb
  2764 | D:4      | Reached skill level 5 in Axes
  2948 | D:4      | Reached skill level 5 in Shields
  2948 | D:4      | Reached XP level 6. HP: 41/56 MP: 5/5
  3053 | D:4      | Found a bloodstained altar of Trog.
  3472 | D:5      | Entered Level 5 of the Dungeon
  3641 | D:5      | Noticed Duffy's ghost (novice MiFi)
  3660 | D:5      | Killed Duffy's ghost
  3660 | D:5      | Reached skill level 6 in Axes
  3660 | D:5      | Reached skill level 5 in Armour
  3660 | D:5      | Reached XP level 7. HP: 38/62 MP: 6/6
  3661 | D:5      | Found a radiant altar of Vehumet.
  3957 | D:5      | Reached skill level 7 in Axes
  3984 | D:5      | Reached XP level 8. HP: 71/71 MP: 7/7
  4242 | D:6      | Found a bloodstained altar of Trog.
  4305 | D:6      | Found a staircase to the Ecumenical Temple.
  4529 | D:6      | Found a snail-covered altar of Cheibriados.
  4698 | D:6      | Reached ** piety under Makhleb
  4717 | D:6      | Found a sacrificial altar of Ru.
  4724 | D:6      | Reached skill level 8 in Axes
  5313 | D:7      | Found a blossoming altar of Fedhas.
  5449 | D:7      | Reached skill level 9 in Axes
  5464 | D:7      | Found a shimmering altar of Xom.
  5571 | D:7      | Reached XP level 9. HP: 47/79 MP: 8/8
  6505 | D:8      | Reached *** piety under Makhleb
  6560 | D:8      | Reached skill level 10 in Axes
  6699 | D:8      | Found a staircase to the Lair.
  7076 | D:8      | Noticed anet's ghost (novice DEWz)
  7354 | D:8      | Killed anet's ghost
  7354 | D:8      | Reached skill level 11 in Axes
  7402 | D:8      | Reached XP level 10. HP: 78/90 MP: 9/9
  7838 | D:8      | Gained mutation: You are dopey. (Int -2) [mutagenic meat]
  7839 | D:8      | Gained mutation: You are robust. (+10% HP) [mutagenic meat]
  7840 | D:8      | Lost mutation: You are dopey. (Int -2) [mutagenic meat]
  7841 | D:8      | Gained mutation: Your system is resistant to poisons. (rPois) [mutagenic meat]
  7842 | D:8      | Gained mutation: Your muscles are strong. (Str +2) [mutagenic meat]
  7997 | D:9      | Got a shimmering bronze amulet
  7998 | D:9      | Identified the amulet "Sydu" {Reflect rN+ MR+ SH+6} (You found it on level 9 of the Dungeon)
  8099 | D:9      | Found a shattered altar of Ashenzari.
  8144 | D:9      | Reached **** piety under Makhleb
  8189 | D:9      | Noticed a two-headed ogre
  8195 | D:9      | Killed a two-headed ogre
  8195 | D:9      | Reached skill level 12 in Axes
  8307 | D:9      | Noticed a cyclops
  8321 | D:9      | Killed a cyclops
  8683 | D:9      | Noticed Erolcha
  8694 | D:9      | Killed from afar by Erolcha

Vault maps used:
D:1:      tarquinn_simple_flora_water_a, minmay_misc_feat_room, fountainhead
D:2:      first_bread, elyvilon_altar_3
D:3:      okawaru_trees_2, old_standard_altar, marbit_many_paths,
          kennysheep_generic_room_6, uniq_crazy_yiuf_cottage
D:4:      kennysheep_mini, lemuel_round_altar, serial_shops, shop
D:5:      vehumet_altar_wand_db, minmay_a_box_with_orc_wizards_in_it
D:6:      nicolae_ru_awakened_eye, slow_altar_1,
          minmay_temple_entry_enclosed_plants, trog_three_pillars_becter
D:7:      tgw_xom, fedhas_bush_and_centaur_altar
D:8:      corexii_shack_village, grunt_lair_entry_orc_guard_hut, grunt_ogre_cave
D:9:      ashenzari_altar_1, led_sif_pool, uniq_erolcha

Skill      XL: |  1  2  3  4  5  6  7  8  9 10 |
---------------+-------------------------------+-----
Axes           | 3 4 5 6 7 9 11 12 | 12.2
Fighting       | 4 5 6 7 8 9 |  9.7
Shields        | 4 5 6 7 8 9 |  9.2
Armour         | 4 5 7 8 9 |  9.4

Action                   |  1- 3 |  4- 6 |  7- 9 | 10-12 || total
-------------------------+-------+-------+-------+-------++-------
Melee: War axe           |    67 |   133 |   274 |   109 ||   583
       Headbutt          |     9 |    28 |    36 |    18 ||    91
  Use: Scroll            |     1 |       |       |       ||     1
  Eat: Chunk             |     2 |     7 |    19 |     9 ||    37
Armor: Scale mail        |     4 |       |       |       ||     4
       Chain mail        |    31 |    65 |    68 |       ||   164
       Plate armour      |       |       |    44 |    21 ||    65
Dodge: Dodged            |    20 |    51 |    69 |    20 ||   160
Block: Shield            |    27 |    81 |   152 |    60 ||   320
       Reflection        |       |       |       |     6 ||     6
